 Dungeon Crawl Stone Soup version 0.30-a0-715-gdb4ae3ece1 (webtiles) character file.

Game seed: 17479526649743226732

5 inmateoo the Insei (level 1, 0/14 HPs)
             Began as a Demonspawn Wanderer on Jan 24, 2023.
             Slain by a worm (9 damage)
             ... on level 2 of the Dungeon.
             The game lasted 00:00:30 (166 turns).

inmateoo the Insei (Demonspawn Wanderer)             Turns: 166, Time: 00:00:31

Health: 0/14       AC:  3    Str: 11    XL:     1   Next: 66%
Magic:  2/2        EV: 11    Int: 14    God:
Gold:   37         SH:  0    Dex: 12    Spells: 1/2 levels left

rFire   . . .      SeeInvis .      - Unarmed
rCold   . . .      Faith    .    (no shield)
rNeg    . . .      Spirit   .    e - +0 robe
rPois   .          Reflect  .    (no helmet)
rElec   .          Harm     .    (no cloak)
rCorr   .          Rampage  .    c - +0 pair of gloves
Will    .....                    (no boots)
Stlth   ++                       (no amulet)
HPRegen 0.22/turn                (no ring)
MPRegen 0.08/turn                (no ring)

@: no status effects
A: no striking features
a: no special abilities


You were on level 2 of the Dungeon.
You visited 1 branch of the dungeon, and saw 2 of its levels.

You collected 37 gold pieces.

Inventory:

Hand Weapons
 a - a +0 dagger
Armour
 c - a +0 pair of gloves (worn)
 e - a +0 robe (worn)
Jewellery
 g - an amulet of the acrobat
Scrolls
 f - a scroll of fear
Potions
 b - a potion of heal wounds
 d - a potion of lignification


   Skills:
 + Level 0.8 Fighting
 - Level 1.0 Dodging
 - Level 1.0 Stealth
 + Level 2.9 Unarmed Combat
 - Level 1.0 Spellcasting
 - Level 2.6 Fire Magic
 - Level 1.2 Invocations


You had one spell level left.
You knew the following spells:

 Your Spells              Type           Power      Damage    Failure   Level
a - Foxfire               Conj/Fire      16%        2x1d4     16%         1

Your spell library contained the following spells:

 Spells                   Type           Power      Damage    Failure   Level
 Kindle Blastsparks       Fire/Tloc/Air  6%         2d10      50%         3


Dungeon Overview and Level Annotations

Branches:
Dungeon (2/15)

Altars:


Message History

You are too injured to fight recklessly!
You hit the jackal.
The jackal is almost dead.
The jackal bites you but does no damage.
You are too injured to fight recklessly!
You closely miss the jackal.
The jackal is almost dead.
The jackal barely misses you.
You closely miss the jackal.
The jackal is almost dead.
The jackal barely misses you.
You hit the jackal.
You kill the jackal!
You see here a jackal corpse.
There is a stone staircase leading up here.
You start resting.
HP restored.
You now have 27 gold pieces (gained 14).
You open the door.
Found 10 gold pieces.
There is an open door here.
You now have 37 gold pieces (gained 10).
Found a stone staircase leading down.
Found a stone staircase leading down.
g - an amulet of the acrobat No target in view!
No target in view!
A worm comes into view.
A worm is nearby!
The worm bites you.
You hit the worm.
The worm is lightly wounded.
You barely miss the worm.
The worm is lightly wounded.
The worm bites you.
You completely miss the worm.
The worm is lightly wounded.
The worm bites you!
Ouch! That really hurt!
You die...

#.. #.. #.# .# ... .#
#.# .# ##+## #.# .#
##...## #w# .#
##.....## #@### .#
##.......## #.#.##
####.........###....##
...'.........+.......#
####...<.....####....#
.# ##...†...## ##.#.#
.# ##.....## ###.# .#
##...## #.# .# ##+##
#.#


You could see a worm.

Vanquished Creatures
  A ball python (D:1)
  A giant cockroach (D:1)
  A hobgoblin (D:1)
  A jackal (D:2)
4 creatures vanquished.

Notes
Turn   | Place    | Note
-------+----------+-------------------------------------------
     0 | D:1      | inmateoo the Demonspawn Wanderer began the quest for the
                  | Orb.
     0 | D:1      | inmateoo set off with the following items: a +0 dagger, a
                  | potion of heal wounds, a +0 pair of gloves, a potion of
                  | lignification, a +0 robe, a scroll of fear; and the
                  | following spell memorised: Foxfire; and the following
                  | spells available to memorise: Kindle Blastsparks.
     0 | D:1      | Reached XP level 1. HP: 13/13 MP: 2/2
   166 | D:2      | Slain by a worm

Illustrated notes

Levels and vault maps discovered:
D:1:      amcnicky_arrival_blooded_trapdoor, layout_basic, serial_forest,
          infiniplex_forest_end_1, infiniplex_forest_zigzag_1,
          infiniplex_forest_clump_long, infiniplex_forest_end_2,
          infiniplex_forest_corner_2, infiniplex_forest_clump_small,
          infiniplex_forest_lined_3, serial_bayou_pond_a,
          minmay_misc_feat_pillars
D:2:      layout_loops_corners, basic_altar

Action                     || total
---------------------------++-------
  Melee: Unarmed           ||    25
         Punch             ||     1
   Stab: Sleeping          ||     1
 Armour: Robe              ||     6
  Dodge: Dodged            ||    13

Table legend: (Time is in decaauts)
 A = Elapsed time spent in this place.
 B = Non-inter-level travel time spent in this place.
 C = Inter-level travel time spent in this place.
 D = Time resting spent in this place.
 E = Time spent auto-exploring this place.
 F = Levels seen in this place.
 G = Mean time per level.
                   A        B        C        D        E       F      G
               +--------+--------+--------+--------+--------+-----+--------+
         Total |    163 |    163 |      0 |     31 |     66 |   2 |   81.5 |
       Dungeon |    163 |    163 |      0 |     31 |     66 |   2 |   81.5 |
               +--------+--------+--------+--------+--------+-----+--------+

Top non-repeatable levels by time:
     D:2: 113 daAuts
     D:1: 50 daAuts
